 Dungeon Crawl Stone Soup version 0.21.1-1-g345015f (webtiles) character file.

563 Daunt the Caller (level 7, 0/46 HPs)
             Began as a Merfolk Summoner on Apr 8, 2018.
             Was a Follower of Okawaru.
             Slain by a worker ant (7 damage)
             ... on level 4 of the Dungeon on Apr 9, 2018.
             The game lasted 00:37:04 (4723 turns).

Daunt the Caller (Merfolk Summoner)                 Turns: 4723, Time: 00:37:05

Health: 0/46       AC:  3    Str:  9    XL:     7   Next: 32%
Magic:  8/13       EV: 14    Int: 26    God:    Okawaru [*.....]
Gold:   243        SH:  0    Dex: 20    Spells: 11/14 levels left

rFire    . . .     SeeInvis .   G - +1 trident "Kinkyavu" {pierce, +Rage rN+ Dex+6} (curse)
rCold    x . .     Gourm    +   (no shield)
rNeg     + . .     Faith    .   C - +0 robe (curse)
rPois    +         Spirit   .   (no helmet)
rElec    .         Reflect  .   (no cloak)
rCorr    .         Harm     .   f - +0 pair of gloves
MR       .....                  (no boots)
Stlth    +++.......             z - amulet "Kisuah" {Gourm *Contam rPois rC- Int+7}
HPRegen  0.15/turn              g - +3 ring of intelligence
MPRegen  0.13/turn              m - ring of wizardry

@: lethally poisoned (0 -> -2)
A: change form in water, swift swim, stealthy swim
a: Heroism, Renounce Religion, Evoke Berserk Rage


You were on level 4 of the Dungeon.
You worshipped Okawaru.
Okawaru was aware of your devotion.
You were hungry.

You visited 1 branch of the dungeon, and saw 7 of its levels.

You collected 243 gold pieces.

Inventory:

Hand Weapons
 a - a +0 spear
 j - the +8 dagger of the Wraith {elec, rF+}
   (You found it on level 4 of the Dungeon)

   Occasionally, upon striking a foe, it will discharge some electrical energy
   and cause terrible harm.
   It protects you from fire.
 G - the cursed +1 trident "Kinkyavu" (weapon) {pierce, +Rage rN+ Dex+6}
   (You found it on level 5 of the Dungeon)

   It inflicts extra damage upon your enemies.
   It affects your dexterity (+6).
   It protects you from negative energy.
   It lets you go berserk.
   It has a curse placed upon it.
Armour
 e - a +0 robe
 f - a +0 pair of gloves (worn)
 u - a +0 leather armour
 C - a cursed +0 robe (worn)
 F - a +0 buckler
Jewellery
 g - a +3 ring of intelligence (left hand)
 m - a ring of wizardry (right hand)
 p - a +3 ring of strength
 s - an uncursed ring of resist corrosion
 z - the amulet "Kisuah" (around neck) {Gourm *Contam rPois rC- Int+7}
   (You found it on level 4 of the Dungeon)

   [amulet of the gourmand]

   It allows you to eat raw meat even when not hungry.
   It affects your intelligence (+7).
   It makes you vulnerable to cold.
   It protects you from poison.
   It causes magical contamination when unequipped.
Wands
 v - a wand of polymorph (9)
 y - a wand of random effects (19)
 H - a wand of enslavement (10)
Scrolls
 d - 2 scrolls of identify
 h - a scroll of teleportation {unknown}
 k - a scroll of immolation
 l - a scroll of fear
 n - a scroll of enchant armour {unknown}
 o - 2 scrolls of remove curse
 q - a scroll of fog {unknown}
 r - a scroll of magic mapping {unknown}
 w - a scroll of noise {unknown}
 x - 2 scrolls of enchant weapon {unknown}
 B - a scroll of blinking {unknown}
 E - a scroll of amnesia {unknown}
Potions
 i - 3 potions of haste
 t - a potion of magic
 A - a potion of might
 D - a potion of agility
Books
 b - a book of Callings

   Spells                             Type                      Level
   a - Summon Small Mammal            Summoning                    1
   b - Call Imp                       Summoning                    2
   c - Call Canine Familiar           Summoning                    3
   d - Summon Guardian Golem          Hexes/Summoning              3
   e - Summon Lightning Spire         Summoning/Air                4
   f - Summon Ice Beast               Ice/Summoning                4
Comestibles
 c - 7 rations


   Skills:
 + Level 2.8 Short Blades
 - Level 4.0 Polearms
 - Level 3.0 Dodging
 + Level 3.4 Stealth
 + Level 4.2 Spellcasting
 + Level 5.8 Summonings


You had 11 spell levels left.
You knew the following spells:

 Your Spells              Type           Power        Failure   Level  Hunger
a - Summon Small Mammal   Summ           ####         1%          1    None
b - Call Imp              Summ           #####...     1%          2    None


Dungeon Overview and Level Annotations

Branches:
Dungeon (7/15)
 Temple: D:4-7

Altars:
Cheibriados
Elyvilon
Fedhas
Makhleb
Okawaru
Wu Jian
Yredelemnul
Zin

Annotations:
D:3 dirtydan's ghost, amateur GnWn
D:5 Sigmund


Message History

The worker ant poisons you! Something hits you!
Your white imp closely misses the worker ant.
Your crimson imp hits the worker ant.
The worker ant bites you.
Your crimson imp hits the worker ant.
Something hits you. Something shocks you.
You feel sick. The worker ant bites you.
* * * LOW HITPOINT WARNING * * *
You hear some strange, mumbled words.
A puff of flame appears from out of thin air!
The puff of flame misses you.
The puff of flame hits the worker ant.
Your white imp barely misses the worker ant.
Your crimson imp hits the worker ant but does no damage. x2
Something hits you but does no damage.
You climb upwards.
Your summoned allies are left behind.
You feel sick.
There is a stone staircase leading down here.
The worker ant completely misses you.
You feel sick.
A sky beast appears from thin air!
Reactivating autopickup.
The worker ant bites you!
You die...

...............#.##..........#
...............#.##..........#
...............#.##..[.......####
...............#.#...............
...............#.#...........#.#.
...............#.#............_..
.......).......#.)..........<#.#.
...............###.#.#.#######...
..............Ya@....#.# ####
.............ยง.###.#.#.#
...............#.....#.###
..............>#.##..#...#
...............#.....###.#
...............####....#.#
...............# #....#.########
#####.########## #.##...........
#.###### ##.##.#.########


You could see a sky beast and a worker ant.

Vanquished Creatures
  A centaur (D:5)
  A howler monkey (D:4)
  A hound (D:4)
  3 orc wizards
  A worker ant (D:4)
  2 adders
  A gnoll (D:2)
  An ooze (D:2)
  An adder skeleton (D:4)
  2 leopard geckos
  10 orcs
  5 giant cockroaches
  3 goblins
  3 hobgoblins
  2 quokkas
  6 bats
  3 frilled lizards
  A jackal skeleton (D:6)
  3 kobolds
  6 rats
56 creatures vanquished.

Vanquished Creatures (collateral kills)
  Prince Ribbit (D:6)
  2 orc priests
  A worker ant (D:4)
  3 gnolls (D:2)
  6 adders
  An adder skeleton (D:6)
  2 worms (D:3)
  A dart slug (D:4)
  A leopard gecko (D:3)
  5 orcs
  3 bats
  A giant cockroach (D:1)
  4 goblins
  4 hobgoblins (D:2)
  A quokka (D:2)
  2 kobolds
  A rat (D:2)
39 creatures vanquished.

Grand Total: 95 creatures vanquished

Notes
Turn   | Place    | Note
-------+----------+-------------------------------------------
     0 | D:1      | Daunt the Merfolk Summoner began the quest for the Orb.
     0 | D:1      | Reached XP level 1. HP: 13/13 MP: 3/3
   252 | D:1      | Reached skill level 1 in Polearms
   252 | D:1      | Reached XP level 2. HP: 17/19 MP: 3/5
   256 | D:1      | Learned a level 2 spell: Call Imp
   973 | D:2      | Reached XP level 3. HP: 12/24 MP: 3/6
  1301 | D:2      | Reached XP level 4. HP: 30/30 MP: 1/8
  1345 | D:2      | Found a glowing silver altar of Zin.
  1548 | D:3      | Noticed dirtydan's ghost (amateur GnWn)
  1699 | D:3      | Reached XP level 5. HP: 30/35 MP: 4/9
  1746 | D:3      | Found an ornate altar of the Wu Jian Council.
  1836 | D:3      | Reached skill level 5 in Summonings
  1897 | D:3      | Found a white marble altar of Elyvilon.
  2684 | D:3      | Found a snail-covered altar of Cheibriados.
  2684 | D:3      | Found a basalt altar of Yredelemnul.
  2959 | D:4      | Found a blossoming altar of Fedhas.
  3026 | D:4      | Got a translucent dagger
  3027 | D:4      | Identified the +8 dagger of the Wraith {elec, rF+} (You found it on level 4 of the Dungeon)
  3311 | D:4      | Got a scorched golden amulet
  3312 | D:4      | Identified the amulet "Kisuah" {Gourm *Contam rPois rC- Int+7} (You found it on level 4 of the Dungeon)
  3447 | D:4      | Found an iron altar of Okawaru.
  3484 | D:4      | Reached skill level 1 in Short Blades
  3484 | D:4      | Reached XP level 6. HP: 23/41 MP: 4/11
  3568 | D:4      | Became a worshipper of Warmaster Okawaru
  3845 | D:5      | Entered Level 5 of the Dungeon
  3886 | D:5      | Noticed Sigmund
  3954 | D:5      | Got a slimy trident
  3955 | D:5      | Identified the cursed +1 trident "Kinkyavu" {pierce, +Rage rN+ Dex+6} (You found it on level 5 of the Dungeon)
  4019 | D:5      | You fall through a shaft for 2 floors!
  4118 | D:7      | Noticed an ice beast
  4275 | D:6      | Reached XP level 7. HP: 6/46 MP: 2/13
  4554 | D:6      | Noticed Prince Ribbit
  4579 | D:6      | Killed Prince Ribbit
  4579 | D:6      | Reached * piety under Okawaru
  4634 | D:5      | Found a burning altar of Makhleb.
  4723 | D:4      | Slain by a worker ant

Skill      XL: |  1  2  3  4  5  6 |
---------------+-------------------+-----
Polearms       | 1 2 3 4 |  4.0
Spellcasting   | 3 4 |  4.2
Summonings     | 5 |  5.8
Short Blades   | 1 2 |  2.8
Dodging        | 3 |  3.0
Stealth        | 3 |  3.4

Action                   |  1- 3 |  4- 6 |  7- 9 || total
-------------------------+-------+-------+-------++-------
Melee: Spear             |    88 |   154 |       ||   242
       Unarmed           |     5 |       |       ||     5
       Dagger            |       |    22 |       ||    22
       Trident           |       |    17 |     6 ||    23
 Cast: Summon Small Mamm |     6 |       |       ||     6
       Call Imp          |    14 |    47 |    14 ||    75
  Use: Scroll            |     1 |     5 |       ||     6
       Potion            |       |     2 |       ||     2
 Stab: Sleeping          |     3 |     6 |       ||     9
       Distracted        |       |     2 |       ||     2
  Eat: Chunk             |     2 |    10 |       ||    12
       Ration            |       |     1 |       ||     1
Armor: Robe              |    18 |    15 |     3 ||    36
Dodge: Dodged            |    56 |    95 |     8 ||   159
